 Dungeon Crawl Stone Soup version 0.30-b1-2-g02819fbbbe (webtiles) character file.

Game seed: 7792994335899582114

162 Fartwhistle the Changer (level 5, 0/33 HPs)
             Began as an Octopode Transmuter on May 25, 2023.
             Succumbed to an orc wizard's poison
             ... on level 3 of the Dungeon.
             The game lasted 00:05:36 (2077 turns).

Fartwhistle the Changer (Octopode Transmuter)       Turns: 2077, Time: 00:05:36

Health: 0/33       AC:  1    Str: 13    XL:     5   Next: 43%
Magic:  7/9        EV: 13    Int: 15    God:
Gold:   149        SH:  0    Dex: 11    Spells: 6/10 levels left

rFire   . . .        a - +3 dagger (protect)
rCold   . . .        (no shield)
rNeg    . . .        (helmet restricted)
rPois   .            h - amulet of the acrobat
rElec   .            (no ring)
rCorr   .            (no ring)
SInv    .            (no ring)
Will    .....        (no ring)
Stlth   ++           (no ring)
HPRegen 0.25/turn    (no ring)
MPRegen 0.11/turn    (no ring)
                     (no ring)

%: acrobat
@: lethally poisoned (0 -> -5)
A: almost no armour, amphibious, 8 rings, camouflage 1, gelatinous body 1,
(nimble swimmer 1), tentacles, dopey 1, mutation resistance 1, strong 1
a: no special abilities


You were on level 3 of the Dungeon.
You visited 1 branch of the dungeon, and saw 3 of its levels.

You collected 149 gold pieces.

Inventory:

Hand Weapons
 a - a +3 dagger of protection (weapon)
Missiles
 m - 5 poisoned darts
 n - 5 boomerangs
Jewellery
 h - an amulet of the acrobat (around mantle)
 o - an amulet of magic regeneration
Scrolls
 b - a scroll of identify
 c - 2 scrolls of butterflies
 d - a scroll of immolation {unknown}
 f - a scroll of enchant weapon {unknown}
 g - a scroll of enchant armour {unknown}
 i - a scroll of fear {unknown}
 l - a scroll of fog {unknown}
Potions
 j - a potion of invisibility


   Skills:
 - Level 1.0 Fighting
 - Level 2.0 Dodging
 - Level 3.0 Unarmed Combat
 + Level 3.2 Spellcasting
 * Level 4.5 Transmutations
 + Level 0.8 Poison Magic


You had 6 spell levels left.
You knew the following spells:

 Your Spells              Type           Power      Damage    Failure   Level
a - Beastly Appendage     Tmut           32%        N/A       3%          1
b - Spider Form           Tmut/Pois      10%        N/A       21%         3

Your spell library contained the following spells:

 Spells                   Type           Power      Damage    Failure   Level
 Wereblood                Tmut           16%        N/A       4%          2
 Poisonous Vapours        Pois/Air       6%         N/A       26%         2
 Mephitic Cloud           Conj/Pois/Air  3%         N/A       47%         3
 Ice Form                 Ice/Tmut       9%         N/A       58%         4
 Freezing Cloud           Conj/Ice/Air   1%         6-21      99%         5


Dungeon Overview and Level Annotations

Branches:
Dungeon (3/15)

Altars:

Shops:
D:1 (


Innate Abilities, Weirdness & Mutations

You cannot wear most types of armour.
You are amphibious.
You can wear up to eight rings at the same time.
Your skin changes colour to match your surroundings (Stealth+).
Your rubbery body absorbs attacks. (AC +1, EV +1)
((You are camouflaged when in or above water. (Stealth+)))
You have tentacles for arms and can constrict up to eight enemies at once.
You are dopey. (Int -2)
You are somewhat resistant to further mutation.
Your muscles are strong. (Str +4, Int/Dex -1)


Message History

You hit something.
You feel very sick. Something hits you.
You hit something.
You feel very sick.
You hear some strange, mumbled words.
A puff of flame appears from out of thin air!
The puff of flame hits you!
* * * LOW HITPOINT WARNING * * *
You closely miss something.
* * * LOW HITPOINT WARNING * * *
You feel very sick.
You hear some strange, mumbled words.
Something tries to affect you, but you resist.
It was a potion of invisibility.
You fade into invisibility!
* * * LOW HITPOINT WARNING * * *
You feel sick.
Reactivating autopickup.
You feel a bit more experienced.
It was a potion of cancellation.
Your magical effects are unravelling.
You feel magically purged.
Your transformation has ended.
Your +3 dagger of protection unmelds from your body.
Your +3 dagger of protection hums with potential!
You flicker back into view.
* * * LOW HITPOINT WARNING * * *
You feel sick.
It was a potion of mutation.
You feel extremely strange.
You feel stronger.
You feel stupid.
You feel genetically stable.
* * * LOW HITPOINT WARNING * * *
You feel sick.
Okay, then.
Okay, then.
Okay, then.
As you read the scroll labelled SAINOTHIYD, it crumbles to dust.
It is a scroll of identify.
c - 2 scrolls of butterflies You die...

........ #.#.#. ## #.
.#.#.#....+#.#.# ... #.
.#.#.#.#...#.#.#. ....
#..#.#.#.#.#.#.#.#.#
....##.#.#.#.#.#.#.#.#.#.
........#.#.#.#.#.#.#.#.#
#.......+#.#.#.#.#.#.#.#.
#.....))#.#.#.#.#.#.#.#.#
.......<@#.#.#.#.#.#.#.#.
#......)#.#.#.#.#.#.#.#.#
#........#.#.#.#.#.#.#.#.
........#.#.#.#.#.#.#.#.#
........'#.#.#.#.#.#.#.#.
........#.#.#.#.#.#.#.#.#
.........#.#.#.#.#.#.#.#)
....###.#.# #.#.#.#.#.#.#
.. ##.# #.#.#.#)#.


There were no monsters in sight!

Vanquished Creatures
  Terence (D:2)
  An orc wizard (D:3)
  4 gnolls (D:2)
  An adder (D:2)
  A worm (D:2)
  A dart slug (D:1)
  2 orcs
  2 ball pythons
  3 bats
  11 endoplasms
  2 giant cockroaches (D:1)
  4 goblins
  6 hobgoblins
  3 jackals (D:1)
  2 kobolds (D:2)
  2 quokkas (D:2)
  3 frilled lizards
  4 rats
53 creatures vanquished.

Vanquished Creatures (others)
  5 plants (D:3)
5 creatures vanquished.

Grand Total: 58 creatures vanquished

Notes
Turn   | Place    | Note
-------+----------+-------------------------------------------
     0 | D:1      | Fartwhistle the Octopode Transmuter began the quest for the
                  | Orb.
     0 | D:1      | Reached XP level 1. HP: 13/13 MP: 3/3
    56 | D:1      | Reached XP level 2. HP: 9/18 MP: 3/5
   349 | D:1      | Reached skill level 3 in Transmutations
   471 | D:1      | Reached XP level 3. HP: 23/23 MP: 4/6
   497 | D:1      | Found Xytaid's Weapon Shoppe.
   771 | D:1      | Learned a level 3 spell: Spider Form
   851 | D:2      | Found the +3 robe of Clouds {*Thunder rCloud rElec}
  1044 | D:2      | Noticed Terence
  1054 | D:2      | Killed Terence
  1055 | D:2      | Reached XP level 4. HP: 22/28 MP: 0/8
  1317 | D:2      | Reached skill level 4 in Transmutations
  1448 | D:2      | Reached XP level 5. HP: 28/33 MP: 3/9
  2076 | D:3      | Gained mutation: Your muscles are strong. (Str +4, Int/Dex
                  | -1) [potion of mutation]
  2076 | D:3      | Gained mutation: You are dopey. (Int -2) [potion of
                  | mutation]
  2076 | D:3      | Gained mutation: You are somewhat resistant to further
                  | mutation. [potion of mutation]
  2076 | D:3      | HP: 1/33 [poisoned by an orc wizard]
  2077 | D:3      | Succumbed to an orc wizard's poison

Illustrated notes

Levels and vault maps discovered:
D:1:      noname_arrival_rooms_in_the_neighbourhood, layout_rooms, serial_shops,
          nicolae_shop_bloodbath_and_beyond
D:2:      minmay_wonky_spiral, layout_loops_ring, uniq_terence
D:3:      layout_basic, cheibriados_altar_1, mainiacjoe_overflow_chevrons,
          grunt_temple_overflow_cloverleaf, serial_bayou_lagoon_a

Skill      XL: |  1  2  3  4 |
---------------+-------------+-----
Transmutations | 3 4 |  4.5
Spellcasting   | 3 |  3.2
Fighting       | |  1.0
Dodging        | |  2.0
Unarmed Combat | |  3.0
Poison Magic   | |  0.8

Action                     |  1- 3 |  4- 6 || total
---------------------------+-------+-------++-------
  Melee: Unarmed           |    51 |    35 ||    86
         Kick              |    14 |       ||    14
         Constrict         |    11 |     4 ||    15
         Tentacles         |     8 |     2 ||    10
         Dagger            |    25 |    22 ||    47
         Punch             |     1 |       ||     1
   Cast: Beastly Appendage |    10 |       ||    10
         Spider Form       |     1 |     5 ||     6
    Use: Potion            |     1 |     3 ||     4
         Scroll            |       |     1 ||     1
   Stab: Sleeping          |     5 |     6 ||    11
 Armour: Skin              |    14 |     3 ||    17
  Dodge: Dodged            |    49 |    34 ||    83
